 Dungeon Crawl Stone Soup version 0.18-a0-119-g02a7081 (webtiles) character file.

8992 Proton the Fighter (level 11, -11/86 HPs)
             Began as a Demonspawn Gladiator on Nov 19, 2015.
             Was a Priest of Qazlal.
             Mangled by Snorg (17 damage)
             ... on level 12 of the Dungeon.
             The game lasted 00:24:33 (11414 turns).

Proton the Fighter (Demonspawn Gladiator)          Turns: 11414, Time: 00:24:33

Health: -11/86     AC: 15    Str: 18    XL:     11   Next: 17%
Magic:  0/12       EV: 14    Int: 10    God:    Qazlal [***...]
Gold:   614        SH:  4    Dex: 14    Spells: 0 memorised, 10 levels left

rFire  + . .     SeeInvis .     B - +2 great sword
rCold  . . .     Rnd*Rage +     M - +1 ring mail {rF+}
rNeg   . . .     SustAt   .     (shield currently unavailable)
rPois  .         Gourm    .     (helmet restricted)
rElec  .         Spirit   +     q - +0 cloak
rCorr  .         Warding  .     C - +0 pair of gloves
rMut   .         Stasis   .     u - +1 pair of boots
MR     .....                    i - amulet of guardian spirit
Stlth  +.........               (no ring)
                                (no ring)

@: very slightly contaminated, invisible, not resistant to hostile enchantments,
very unstealthy
A: antennae 1, hooves 1, icy blue scales 2, berserk 1, low mp 1, powered by pain
2, spiny 1
a: Upheaval, Elemental Force, Renounce Religion


You were on level 12 of the Dungeon.
You worshipped Qazlal.
Qazlal was most pleased with you.
You were not hungry.

You visited 2 branches of the dungeon, and saw 13 of its levels.

You collected 614 gold pieces.

Inventory:

Hand Weapons
 B - a +2 great sword (weapon)
Missiles
 L - 4 throwing nets (quivered)
Armour
 o - a +2 helmet
 q - a +0 cloak (worn)
 u - a +1 pair of boots (worn)
 C - a +0 pair of gloves (worn)
 M - a +1 ring mail of fire resistance (worn)
Jewellery
 i - an amulet of guardian spirit (around neck)
 n - an uncursed amulet of resist mutation
 x - an uncursed amulet of resist corrosion
Wands
 G - a wand of heal wounds (6)
Scrolls
 b - 2 scrolls of blinking {unknown}
 g - 2 scrolls of recharging {unknown}
 j - 6 scrolls of teleportation {unknown}
 p - 10 scrolls of remove curse
 r - a scroll of fog
 t - 2 scrolls of magic mapping
 v - 3 scrolls of noise {unknown}
 y - 2 scrolls of fear
 z - a scroll of silence
 A - a scroll of enchant armour {unknown}
 D - a scroll of holy word {unknown}
 N - 3 scrolls of summoning {unknown}
Potions
 a - a potion of resistance
 c - a potion of haste {unknown}
 d - 2 potions of cancellation
 e - 6 potions of heal wounds {unknown}
 f - 4 potions of brilliance {unknown}
 h - 3 potions of lignification {unknown}
 k - 2 potions of magic {unknown}
 l - 2 potions of flight {unknown}
 m - 2 potions of ambrosia {unknown}
 s - 6 potions of curing
 E - a potion of poison {unknown}
 J - 2 potions of might {unknown}
Comestibles
 F - 5 bread rations
 H - 4 meat rations


   Skills:
 + Level 8.1 Fighting
 + Level 7.4 Long Blades
 + Level 7.0 Throwing
 + Level 6.6 Armour
 + Level 7.7 Dodging
 + Level 4.1 Evocations


You had 10 spell levels left.
You didn't know any spells.

Dungeon Overview and Level Annotations

Branches:
Dungeon (12/15)            Temple (1/1) D:5            Lair (0/8) D:8
    Orc (0/4) D:10

Altars:
Ashenzari
Dithmenos
Elyvilon
Fedhas
Makhleb
Nemelex Xobeh
Okawaru
Qazlal
Ru
Xom
Yredelemnul
Zin
The Shining One

Annotations:
D:12 Snorg


Innate Abilities, Weirdness & Mutations

You have large cloven feet.
You are mostly covered in icy blue scales (AC +3, EV -1).
You sometimes gain power by taking damage.
You are partially covered in sharp spines.
You have a pair of small antennae on your head.
You tend to lose your temper in combat.
Your magical capacity is low (-10% MP).


Message History

You block Snorg's attack. Snorg claws you!
* * * LOW HITPOINT WARNING * * *
Snorg completely misses you. Snorg misses you.
Snorg claws you but does no damage. Snorg claws you.
* * * LOW HITPOINT WARNING * * *
Drink which item? (? for menu, Esc to quit)
Okay, then.
Drink which item? (? for menu, Esc to quit)
You fade into invisibility!
Snorg bites you!
* * * LOW HITPOINT WARNING * * *
Snorg barely misses you. x2
You are very lightly contaminated with residual magic.
You block Snorg's attack. Snorg barely misses you. Snorg barely misses you.
Snorg misses you. You block Snorg's attack. Snorg barely misses you.
Snorg is struck by your spines. Snorg barely misses you.
Snorg barely misses you. Snorg closely misses you.
Snorg is struck by your spines. Snorg closely misses you. Snorg misses you.
Snorg claws you!!
You die...

#. ##..##........#
# ...#
#...#.........# ##
....
#.....)......####.
(..#
#.........###.....
#..###(..!.....#
####..
#.....(((.....#
##.
##..........#..#
#.
##).(.....####..#
#. #.).T@...##
##.# .#
#....)####### .. .
#....# . #....
..... ..... (...
#...


You could see Snorg (berserk).

Vanquished Creatures
  Harold (D:11)
  2 hill giants
  A gargoyle (D:11)
  A two-headed ogre (D:9)
  A spriggan (D:8)
  Sigmund (D:3)
  A wyvern (D:10)
  A deep elf mage (D:10)
  A hippogriff (D:7)
  A steam dragon (D:12)
  3 wargs (D:10)
  3 vampire mosquitoes (D:12)
  A water moccasin (D:7)
  4 orc warriors
  4 ice beasts
  6 centaurs
  9 ogres
  4 crocodiles
  11 giant frogs
  A wyvern zombie (D:8)
  A water moccasin zombie (D:9)
  4 scorpions
  5 wights
  4 killer bees (D:10)
  2 jellies (D:10)
  A giant frog zombie (D:11)
  2 centaur zombies
  2 quasits (D:9)
  2 crimson imps
  2 hounds
  6 orc priests
  2 centaur skeletons
  A giant frog skeleton (D:6)
  A gnoll shaman (D:7)
  2 iguanas
  10 orc wizards
  8 worker ants
  A hound skeleton (D:7)
  10 gnolls
  19 adders
  A shadow imp (D:11)
  3 adder skeletons
  An adder zombie (D:5)
  2 oozes
  4 worms
  10 giant geckos
  29 orcs
  8 bats
  5 giant cockroaches
  12 goblins
  12 hobgoblins
  4 jackals (D:3)
  5 quokkas
  2 giant gecko skeletons
  9 giant newts
  A jackal skeleton (D:4)
  A jackal zombie (D:6)
  15 kobolds
  A quokka skeleton (D:6)
  14 rats
281 creatures vanquished.

Notes
Turn   | Place    | Note
--------------------------------------------------------------
     0 | D:1      | Proton the Demonspawn Gladiator began the quest for the Orb.
     0 | D:1      | Reached XP level 1. HP: 16/16 MP: 1/1
   272 | D:1      | Reached skill level 3 in Long Blades
   272 | D:1      | Gained mutation: You are partially covered in icy blue scales (AC +1). [demonic ancestry]
   272 | D:1      | Reached XP level 2. HP: 11/22 MP: 2/2
   752 | D:1      | Gained mutation: You are mostly covered in icy blue scales (AC +3, EV -1). [demonic ancestry]
   752 | D:1      | Reached XP level 3. HP: 17/27 MP: 3/3
  1697 | D:3      | Reached skill level 1 in Armour
  1697 | D:3      | Gained mutation: You sometimes gain a little power by taking damage. [demonic ancestry]
  1697 | D:3      | Reached XP level 4. HP: 9/34 MP: 4/4
  2672 | D:2      | Noticed an ice beast
  2741 | D:3      | Noticed Sigmund
  3109 | D:3      | Gained mutation: You are partially covered in sharp spines. [demonic ancestry]
  3109 | D:3      | Reached XP level 5. HP: 39/39 MP: 5/5
  3125 | D:3      | Found a shattered altar of Ashenzari.
  3125 | D:3      | Found a sparkling altar of Nemelex Xobeh.
  3125 | D:3      | Found a white marble altar of Elyvilon.
  3170 | D:3      | Killed Sigmund
  3170 | D:3      | Reached XP level 6. HP: 41/47 MP: 6/6
  3710 | D:3      | Reached skill level 4 in Long Blades
  3979 | D:4      | Gained mutation: You sometimes gain power by taking damage. [demonic ancestry]
  3979 | D:4      | Reached XP level 7. HP: 16/52 MP: 7/7
  4222 | D:4      | Found an iron altar of Okawaru.
  5237 | D:5      | Entered Level 5 of the Dungeon
  5276 | D:5      | Reached XP level 8. HP: 50/60 MP: 8/8
  5318 | D:5      | Found a blossoming altar of Fedhas.
  5349 | D:5      | Found a staircase to the Ecumenical Temple.
  5369 | Temple   | Entered the Ecumenical Temple
  5377 | Temple   | Became a worshipper of Qazlal Stormbringer
  5439 | D:5      | Found a sacrificial altar of Ru.
  5442 | D:5      | Found a glowing golden altar of the Shining One.
  5445 | D:5      | Found a burning altar of Makhleb.
  5757 | D:5      | You fall through a shaft for 3 floors!
  5779 | D:7      | Reached skill level 5 in Long Blades
  5808 | D:7      | Reached skill level 5 in Dodging
  5808 | D:7      | Reached skill level 1 in Evocations
  6118 | D:7      | Reached skill level 5 in Fighting
  6275 | D:7      | Reached * piety under Qazlal
  6293 | D:7      | Reached XP level 9. HP: 14/68 MP: 10/10
  6623 | D:7      | Got a crystal hand axe
  6624 | D:7      | Identified the +1 hand axe of Mumycomp {chop, rN+ MR+ Str+2 Stlth+} (You found it on level 7 of the Dungeon)
  6976 | D:6      | Reached skill level 5 in Throwing
  7627 | D:7      | Reached skill level 6 in Dodging
  7629 | D:7      | Reached ** piety under Qazlal
  8178 | D:8      | Reached skill level 5 in Armour
  8197 | D:8      | Found a staircase to the Lair.
  8669 | D:9      | Gained mutation: You have large cloven feet. [demonic ancestry]
  8669 | D:9      | Reached XP level 10. HP: 77/77 MP: 12/12
  9006 | D:10     | Entered Level 10 of the Dungeon
  9013 | D:10     | Reached *** piety under Qazlal
  9013 | D:10     | Reached skill level 7 in Fighting
  9210 | D:10     | Found a staircase to the Orcish Mines.
  9339 | D:10     | Gained mutation: You tend to lose your temper in combat. [potion of mutation]
  9339 | D:10     | Gained mutation: Your magical capacity is low (-10% MP). [potion of mutation]
  9339 | D:10     | Gained mutation: You have a pair of small antennae on your head. [potion of mutation]
  9601 | D:10     | Found a stormy altar of Qazlal.
 10296 | D:11     | Noticed a hill giant
 10306 | D:11     | Killed a hill giant
 10388 | D:11     | Noticed a white ugly thing
 10725 | D:11     | Noticed Harold
 10742 | D:11     | Killed Harold
 11298 | D:12     | Found a shattered altar of Ashenzari.
 11301 | D:12     | Reached XP level 11. HP: 86/86 MP: 12/12
 11351 | D:12     | Noticed a hill giant
 11360 | D:12     | Killed a hill giant
 11360 | D:12     | Reached skill level 8 in Fighting
 11402 | D:12     | Noticed Snorg
 11414 | D:12     | Mangled by Snorg

Vault maps used:
D:1:      minmay_arrival_four_houses
D:2:      first_bread
D:3:      corexii_shack_village, gammafunk_temple_overflow_forgotten,
          uniq_sigmund
D:4:      lemuel_crystal_altar
D:5:      grunt_temple_overflow_diamond, minmay_temple_entry_grid, basic_altar
D:8:      dpeg_lair_monsters, the_bakery
D:10:     david_orc_1_choice, grunt_qazlal_clouds, uniq_snorg
D:11:     uniq_harold
D:12:     basic_altar
Temple:   eino_narrow_crystal_temple_a_12

Action                   |  1- 3 |  4- 6 |  7- 9 | 10-12 || total
-------------------------+-------+-------+-------+-------++-------
Melee: Long sword        |   163 |   178 |   121 |       ||   462
       Great sword       |       |       |   174 |   178 ||   352
  Use: Scroll            |       |       |     1 |     9 ||    10
       Potion            |       |       |       |     2 ||     2
  Eat: Bread ration      |     1 |       |     2 |     1 ||     4
       Meat ration       |       |     1 |     1 |       ||     2
       Pizza             |       |       |     1 |     1 ||     2
       Beef jerky        |       |       |     1 |     1 ||     2
       Fruit             |       |       |       |     2 ||     2
